 Dungeon Crawl Stone Soup version 0.29.1-1-gd02db6906a (webtiles) character file.

Game seed: 17166924519069999125

41 tardwrangler69 the Digger (level 3, 0/21 HPs)
             Began as an Octopode Earth Elementalist on Oct 4, 2022.
             Slain by an adder (3 damage)
             ... on level 2 of the Dungeon.
             The game lasted 00:01:14 (1184 turns).

tardwrangler69 the Digger (OpEE)                    Turns: 1184, Time: 00:01:15

Health: 0/21       AC:  1    Str:  7    XL:     3   Next: 52%
Magic:  2/7        EV: 13    Int: 19    God:
Gold:   118        SH:  0    Dex: 12    Spells: 6/7 levels left

rFire   . . .      SeeInvis .   e - +2 dagger (venom)
rCold   . . .      Faith    .   (no shield)
rNeg    . . .      Spirit   .   (helmet restricted)
rPois   .          Reflect  .   (no amulet)
rElec   .          Harm     .   f - ring of willpower
rCorr   .          Rampage  .   (no ring)
Will    +....                   (no ring)
Stlth   +++.......              (no ring)
HPRegen 0.07/turn               (no ring)
MPRegen 0.10/turn               (no ring)
                                (no ring)
                                (no ring)

@: no status effects
A: almost no armour, amphibious, 8 rings, camouflage 1, gelatinous body 1,
(nimble swimmer 1), tentacles
a: no special abilities


You were on level 2 of the Dungeon.
You visited 1 branch of the dungeon, and saw 2 of its levels.

You collected 118 gold pieces.

Inventory:

Hand Weapons
 e - a +2 dagger of venom (weapon)
Jewellery
 f - a ring of willpower (left tentacle)
 g - an amulet of faith
Scrolls
 b - a scroll of fog {unknown}
 c - 4 scrolls of identify {unknown}
 d - a scroll of teleportation {unknown}
Potions
 a - a potion of magic


   Skills:
 - Level 2.0 Dodging
 - Level 2.6 Stealth
 + Level 2.8 Spellcasting
 - Level 1.0 Transmutations
 + Level 3.8 Earth Magic


You had 6 spell levels left.
You knew the following spells:

 Your Spells              Type           Power      Damage    Failure   Level
a - Sandblast             Erth           34%        2d9       3%          1

Your spell library contained the following spells:

 Spells                   Type           Power      Damage    Failure   Level
 Passwall                 Tmut/Erth      9%         N/A       9%          2
 Stone Arrow              Conj/Erth      18%        3d8       22%         3
 Petrify                  Tmut/Erth      11%        N/A       50%         4


Dungeon Overview and Level Annotations

Branches:
Dungeon (2/15)

Altars:


Innate Abilities, Weirdness & Mutations

You cannot wear most types of armour.
You are amphibious.
You can wear up to eight rings at the same time.
Your skin changes colour to match your surroundings (Stealth+).
Your rubbery body absorbs attacks. (AC +1, EV +1)
((You are camouflaged when in or above water. (Stealth+)))
You have tentacles for arms and can constrict up to eight enemies at once.


Message History

The adder poisons you! The hobgoblin hits you.
There is a lethal amount of poison in your body!
Casting: Sandblast (safe; 3% risk of failure)
Confirm with . or Enter, or press ? or * to list all spells.
Aiming: Sandblast (safe; 3% risk of failure)
Press: ? - help, Shift-Dir - straight line, f/p - hobgoblin
Aim: a hobgoblin (82% to hit)
The blast of sand hits the hobgoblin!
You kill the hobgoblin!
You feel very sick. The bat closely misses you. The adder bites you.
* * * LOW HITPOINT WARNING * * *
You are more poisoned.
The adder poisons you! The adder closely misses you.
The ball python attacks as you move away!
The ball python barely misses you.
* * * LOW HITPOINT WARNING * * *
You feel sick.
It was a potion of curing.
You feel better. The adder bites you. x2
You completely miss the ball python. Your grab misses the ball python.
The ball python barely misses you. The ball python grabs you.
The ball python constricts you. The adder bites you.
* * * LOW HITPOINT WARNING * * *
The ball python bites you but does no damage.
The ball python constricts you.
* * * LOW HITPOINT WARNING * * *
You escape the ball python's grasp.
The adder barely misses you. The bat completely misses you.
The bat attacks as you move away! The bat closely misses you. x2
The bat hits you.
* * * LOW HITPOINT WARNING * * *
Casting: Sandblast (safe; 3% risk of failure)
Confirm with . or Enter, or press ? or * to list all spells.
Aiming: Sandblast (safe; 3% risk of failure)
Press: ? - help, Shift-Dir - straight line, f - bat
Aim: a bat (73% to hit)
The blast of sand misses the bat.
The bat hits you.
* * * LOW HITPOINT WARNING * * *
The adder bites you.
You die...

#### ###############
#...######........(.....
..........###.......†##
#......##..........# #
##...#.##..........#
#.#..#.S.b#..........#
#..b####S............#
$......†#
#@##..........#
.........
#.)##........##
..###.....
##............# .
##....# ##.......†...#
.....# ##..........#
.....####...........#
......#..............##
.................# #
#####......######


You could see an adder, a bat and a ball python.

Vanquished Creatures
  An adder (D:2)
  A dart slug (D:1)
  2 ball pythons
  4 bats (D:1)
  An endoplasm (D:1)
  A giant cockroach (D:1)
  3 goblins (D:1)
  6 hobgoblins
  2 jackals (D:1)
  A kobold (D:1)
  A quokka (D:1)
  A frilled lizard (D:2)
  2 rats (D:2)
26 creatures vanquished.

Notes
Turn   | Place    | Note
-------+----------+-------------------------------------------
     0 | D:1      | tardwrangler69 the Octopode Earth Elementalist began the
                  | quest for the Orb.
     0 | D:1      | Reached XP level 1. HP: 11/11 MP: 3/3
   240 | D:1      | Reached XP level 2. HP: 15/17 MP: 0/5
   601 | D:1      | Reached XP level 3. HP: 21/21 MP: 4/6
  1184 | D:2      | Slain by an adder

Illustrated notes

Levels and vault maps discovered:
D:1:      lemuel_arrival_muddy, layout_rooms, serial_forest,
          infiniplex_forest_straight_4, infiniplex_forest_clump_small,
          infiniplex_forest_end_1, infiniplex_forest_clump_long,
          infiniplex_forest_lined_room_3, infiniplex_forest_lined_room_2,
          infiniplex_forest_lined_corner, kennysheep_pointless_box,
          chequers_serial_rivers_small_b,
          nicolae_concentric_dashed_squares_mild, minivault_24, corner_web_ring
D:2:      layout_rooms, basic_altar, uniq_terence

Action                   || total
-------------------------++-------
Melee: Dagger            ||     2
       Constrict         ||     1
 Cast: Sandblast         ||    37
  Use: Potion            ||     1
Armor: Skin              ||     2
Dodge: Dodged            ||    18
